 Dungeon Crawl Stone Soup version 0.24.0-125-gc4c63601f3 (webtiles) character file.

Game seed: 11044485486349961307, levelgen mode: deterministic

1229 krokodil the Conjurer (level 8, -4/41 HPs)
             Began as a Deep Elf Wizard on Mar 6, 2020.
             Shot with an arrow by a centaur (14 damage)
             ... on level 6 of the Dungeon.
             The game lasted 00:40:41 (6604 turns).

krokodil the Conjurer (Deep Elf Wizard)             Turns: 6604, Time: 00:40:42

Health: -4/41      AC:  3    Str:  7    XL:     8   Next: 24%
Magic:  4/19       EV: 13    Int: 29    God:
Gold:   288        SH:  0    Dex: 13    Spells: 8/19 levels left

rFire    . . .     SeeInvis .   s - +1 halberd (protect)
rCold    + . .     Gourm    .   (shield currently unavailable)
rNeg     . . .     Faith    .   a - +0 robe
rPois    .         Spirit   .   b - +0 hat
rElec    +         Reflect  .   k - scarf {repulsion}
rCorr    .         Harm     .   j - +0 pair of gloves
MR       .....                  (no boots)
Stlth    ++........             (no amulet)
HPRegen  0.13/turn              q - ring "Kalinasi" {rElec rC+ Str+3 Int+3}
MPRegen  0.16/turn              (no ring)

@: repel missiles
A: no striking features
a: no special abilities


You were on level 6 of the Dungeon.
You were hungry.

You visited 1 branch of the dungeon, and saw 6 of its levels.
You also visited: Sewer and Ossuary.

You collected 288 gold pieces.

Inventory:

Hand Weapons
 c - a +0 hunting sling
 r - a +0 dagger of speed
 s - a +1 halberd of protection (weapon)
Missiles
 m - 16 poisoned darts (quivered)
Armour
 a - a +0 robe (worn)
 b - a +0 hat (worn)
 j - a +0 pair of gloves (worn)
 k - a scarf of repulsion (worn)
Jewellery
 q - the ring "Kalinasi" (left hand) {rElec rC+ Str+3 Int+3}
   (You found it on level 4 of the Dungeon)

   [ring of strength]

   It affects your strength (+3).
   It affects your intelligence (+3).
   It protects you from cold.
   It insulates you from electricity.
 H - a +3 ring of intelligence {unknown}
Wands
 y - a wand of iceblast (12)
Scrolls
 e - a scroll of random uselessness {unknown}
 l - 6 scrolls of remove curse
 p - a scroll of enchant weapon
 t - a scroll of blinking
 u - 5 scrolls of teleportation
 D - a scroll of fog {unknown}
 F - a scroll of amnesia {unknown}
 G - a scroll of identify
 I - a scroll of fear {unknown}
Potions
 f - 2 potions of haste
 g - 5 potions of curing
 h - 2 potions of mutation
 i - 3 potions of agility
 n - a potion of brilliance
 o - 3 potions of lignification
 v - a potion of magic {unknown}
 w - a potion of heal wounds {unknown}
 x - 2 potions of might {unknown}
 z - 2 potions of flight
 A - a potion of invisibility
 B - 2 potions of degeneration {unknown}
 E - 2 potions of resistance {unknown}
Comestibles
 d - 8 rations


   Skills:
 - Level 3.0 Dodging
 - Level 3.0 Stealth
 - Level 6.0 Spellcasting
 * Level 6.6 Conjurations
 + Level 3.0 Summonings
 + Level 3.1 Translocations
 + Level 2.6 Fire Magic
 - Level 3.2 Air Magic
 - Level 3.5 Poison Magic


You had 8 spell levels left.
You knew the following spells:

 Your Spells              Type           Power        Failure   Level  Hunger
a - Magic Dart            Conj           ####         1%          1    None
b - Blink                 Tloc           N/A          2%          2    None
c - Call Imp              Summ           ####....     2%          2    None
h - Mephitic Cloud        Conj/Pois/Air  ####....     2%          3    None
r - Conjure Flame         Conj/Fire      #####...     2%          3    None

Your spell library contained the following spells:

 Spells                   Type           Power        Failure   Level  Hunger
 Slow                     Hex            #.......     9%          2    None


Dungeon Overview and Level Annotations

Branches:
Dungeon (6/15)              Sewer (visited)         Ossuary (visited)
 Temple: D:4-7

Altars:
Elyvilon
Qazlal
Xom


Message History

Casting: Mephitic Cloud (safe; 2% risk of failure)
Confirm with . or Enter, or press ? or * to list all spells.
Aiming: Magic Dart (safe; 1% risk of failure)
Press: ? - help, Shift-Dir - straight line, f/p - orc warrior
Aim: an orc warrior, wielding a +0 scimitar and wearing a +0 plate armour (heavily wounded, confused)
The magic dart hits the orc!
You kill the orc!
Casting: Magic Dart (safe; 1% risk of failure)
Confirm with . or Enter, or press ? or * to list all spells.
Aiming: Magic Dart (safe; 1% risk of failure)
Press: ? - help, Shift-Dir - straight line, f/p - orc warrior
Aim: an orc warrior, wielding a +0 scimitar and wearing a +0 plate armour (heavily wounded, confused)
The magic dart hits the orc warrior.
The orc warrior is heavily wounded.
The centaur shouts!
The centaur wields a +2 shortbow of velocity.
The centaur shoots an arrow.
The arrow hits you!
* * * LOW HITPOINT WARNING * * *
x2 The centaur shoots an arrow.
The arrow hits you!
You die...

#.......#......##
##..c.....o.>...#
##...#######.....
###........# ##....
#....#.....# ##.##
##..)##.....# #...
#..o.##.....# ####
###(###.....# # #@#
#.....# # #[#
####### # #.# #
#####.###### ##.. .
#.....<....# ....
.. #..........#
#..# #
#..........##..#
#............######
############......#
##


You could see an orc warrior (confused) and a centaur.

Vanquished Creatures
  Sigmund (D:6)
  A water moccasin (D:6)
  An orc warrior (D:6)
  A centaur (D:5)
  2 bullfrogs
  A howler monkey (D:5)
  A hound (D:5)
  A jelly (D:6)
  2 orc wizards (D:4)
  A bullfrog skeleton (D:6)
  3 worker ants
  A hound skeleton (D:5)
  13 mummies (Ossuary)
  4 gnolls (D:6)
  3 adders
  A river rat (D:5)
  A shadow imp (D:5)
  6 oozes
  2 adder skeletons
  An adder zombie (D:5)
  8 worms
  2 dart slugs
  7 leopard geckos
  9 orcs
  4 ball pythons
  7 giant cockroaches
  17 goblins
  9 hobgoblins
  4 jackals (Sewer)
  13 kobolds
  A quokka (D:4)
  17 bats
  2 frilled lizards
  A gnoll skeleton (Ossuary)
  A jackal zombie (D:3)
  4 kobold skeletons (Ossuary)
  A leopard gecko skeleton (D:4)
  2 orc skeletons (Ossuary)
  20 rats
  11 rat skeletons (Ossuary)
187 creatures vanquished.

Vanquished Creatures (collateral kills)
  Robin (D:2)
1 creature vanquished.

Vanquished Creatures (others)
  A kobold skeleton (Ossuary)
1 creature vanquished.

Grand Total: 189 creatures vanquished

Notes
Turn   | Place    | Note
-------+----------+-------------------------------------------
     0 | D:1      | krokodil the Deep Elf Wizard began the quest for the Orb.
     0 | D:1      | Reached XP level 1. HP: 10/10 MP: 7/7
   138 | D:1      | Reached skill level 5 in Spellcasting
   138 | D:1      | Reached XP level 2. HP: 9/15 MP: 2/10
   142 | D:1      | Learned a level 2 spell: Blink
   145 | D:1      | Learned a level 2 spell: Call Imp
   651 | D:1      | Reached XP level 3. HP: 19/19 MP: 7/11
   915 | D:2      | Noticed Robin
   990 | D:2      | Learned a level 3 spell: Conjure Flame
   994 | D:2      | Learned a level 3 spell: Mephitic Cloud
  1721 | D:2      | Found a stormy altar of Qazlal.
  2013 | D:2      | Reached XP level 4. HP: 24/24 MP: 4/13
  2499 | D:2      | Killed Robin
  2894 | D:3      | Reached skill level 1 in Air Magic
  2894 | D:3      | Reached skill level 1 in Poison Magic
  3234 | D:4      | Got a wavering lead ring
  3327 | D:4      | Identified the ring "Kalinasi" {rElec rC+ Str+3 Int+3} (You
                  | found it on level 4 of the Dungeon)
  3372 | D:4      | Reached XP level 5. HP: 28/28 MP: 7/14
  3658 | D:4      | Found a sand-covered staircase.
  3662 | Ossuary  | Entered an ossuary
  4087 | Ossuary  | Reached XP level 6. HP: 32/32 MP: 8/16
  5012 | D:5      | Entered Level 5 of the Dungeon
  5051 | D:5      | Found a white marble altar of Elyvilon.
  5105 | D:5      | Reached skill level 5 in Conjurations
  5110 | D:5      | Found a glowing drain.
  5126 | Sewer    | Entered a sewer
  5770 | D:5      | Reached XP level 7. HP: 31/36 MP: 7/17
  5876 | D:5      | Reached skill level 1 in Fire Magic
  5891 | D:5      | Found a shimmering altar of Xom.
  6187 | D:6      | Noticed Sigmund
  6203 | D:6      | Killed Sigmund
  6487 | D:6      | Reached XP level 8. HP: 34/41 MP: 8/19
  6604 | D:6      | Shot with an arrow by a centaur

Levels and vault maps discovered:
D:1:      minmay_arrival_checkered_box, layout_basic, glass_columns_b
D:2:      layout_loops_corners, lemuel_round_altar, uniq_robin
D:3:      layout_basic
D:4:      layout_cave_pools, enter_ossuary_5, first_ration,
          kennysheep_generic_room_4
D:5:      layout_rooms, elyvilon_altar_3, tgw_xom, portal_sewer_entry_e,
          fountainhead
D:6:      minmay_angry_zag, layout_rooms, kennysheep_little_box, uniq_sigmund

Skill      XL: |  1  2  3  4  5  6  7  8 |
---------------+-------------------------+-----
Spellcasting   | 5 6 |  6.0
Conjurations   | 2 3 4 5 6 |  6.6
Stealth        | 3 |  3.0
Dodging        | 3 |  3.0
Air Magic      | 1 2 3 |  3.2
Poison Magic   | 1 2 3 |  3.5
Fire Magic     | 2 |  2.6
Translocations | 2 3 |  3.1
Summonings     | 2 3 |  3.0

Action                   |  1- 3 |  4- 6 |  7- 9 || total
-------------------------+-------+-------+-------++-------
Melee: Unarmed           |     1 |       |       ||     1
       Hand axe          |     3 |     8 |       ||    11
       Halberd           |       |    72 |    39 ||   111
 Cast: Magic Dart        |   134 |   251 |    66 ||   451
       Mephitic Cloud    |     5 |     7 |     6 ||    18
       Conjure Flame     |     2 |       |     2 ||     4
       Blink             |     1 |     6 |     2 ||     9
       Call Imp          |       |     5 |     1 ||     6
  Use: Scroll            |       |    14 |     1 ||    15
       Potion            |       |     3 |       ||     3
 Stab: Confused          |       |     2 |     9 ||    11
  Eat: Chunk             |     3 |     9 |     2 ||    14
       Ration            |       |     1 |       ||     1
Armor: Robe              |     9 |    32 |     4 ||    45
Dodge: Dodged            |    32 |   116 |    24 ||   172
       Deflected         |     3 |       |     3 ||     6
